 Dungeon Crawl Stone Soup version 0.29.0-4-gdea44cf6ec (webtiles) character file.

Game seed: 470349683046377453

153 qw the Chopper (level 5, -13/30 HPs)
             Began as a Tengu Warper on Aug 28, 2022.
             Mangled by an ogre
             ... wielding a +0 giant club
              (15 damage)
             ... on level 4 of the Dungeon.
             The game lasted 00:00:21 (3769 turns).

qw the Chopper (Tengu Warper)                       Turns: 3769, Time: 00:00:22

Health: -13/30     AC:  6    Str: 14    XL:     5   Next: 35%
Magic:  9/9        EV: 11    Int: 13    God:
Gold:   127        SH:  0    Dex: 13    Spells: 8/8 levels left

rFire   + . .      SeeInvis .   Y - +2 hand axe
rCold   . . .      Faith    .   (no shield)
rNeg    . . .      Spirit   .   c - +0 scale mail
rPois   .          Reflect  .   (helmet restricted)
rElec   .          Harm     .   (no cloak)
rCorr   .          Rampage  .   (no gloves)
Will    .....                   (boots unavailable)
Stlth   ..........              (no amulet)
HPRegen 0.10/turn               f - ring of protection from fire
MPRegen 0.11/turn               (no ring)

@: lethally poisoned (-13 -> -18), about to teleport, flying quickly and
evasively, quick
A: beak, talons 3, nimble flight
a: no special abilities


You were on level 4 of the Dungeon.
You visited 1 branch of the dungeon, and saw 4 of its levels.

You collected 127 gold pieces.


Innate Abilities, Weirdness & Mutations

You have a beak for a mouth.
You have claws for feet.
Your magical nature lets you fly swiftly and evasively.


   Skills:
 - Level 2.0 Fighting
 + Level 5.9 Axes
 - Level 1.0 Throwing
 - Level 1.1 Armour
 - Level 2.1 Dodging
 - Level 2.0 Spellcasting
 - Level 2.4 Translocations


You had 8 spell levels left.
You didn't know any spells.
Your spell library contained the following spells:

 Spells                   Type           Power      Damage    Failure   Level
 Blink                    Tloc           14%        N/A       54%         2
 Gell's Gravitas          Tloc           7%         N/A       77%         3
 Lesser Beckoning         Tloc           7%         N/A       77%         3
 Teleport Other           Tloc           7%         N/A       77%         3
 Manifold Assault         Tloc           7%         N/A       100%        5

Inventory:

Hand Weapons
 h - a +0 flail
 Y - a +2 hand axe (weapon)
Missiles
 m - 3 boomerangs (quivered)
Armour
 c - a +0 scale mail (worn)
Jewellery
 f - a ring of protection from fire (left hand)
Scrolls
 d - a scroll of noise {unknown}
 g - 3 scrolls of identify
 i - a scroll of enchant armour
Potions
 a - 2 potions of might {unknown}
 b - a potion of curing {unknown}
 e - a potion of attraction {unknown}
 j - a potion of degeneration {unknown}
 k - a potion of berserk rage {unknown}

Dungeon Overview and Level Annotations

Branches:
Dungeon (4/15)
 Temple: D:4-7

Altars:


Message History

You are poisoned.
The adder poisons you! The adder bites you but does no damage.
The ogre hits you with a +0 giant club!
You barely miss the ogre. Your kick misses the ogre. You peck the ogre.
The ogre is severely wounded.
You hit the adder.
You feel sick. The adder barely misses you.
You closely miss the ogre. You claw the ogre.
The ogre is severely wounded.
You closely miss the ball python. You barely miss the adder.
You feel sick. The adder closely misses you.
The ogre hits you with a +0 giant club! The ball python completely misses you.
The ball python misses you.
3766 ||| READING scroll of teleportation.
As you read the scroll of teleportation, it crumbles to dust.
You feel strangely unstable.
You feel sick. The adder bites you but does no damage.
The ball python closely misses you. The ball python grabs you.
The ball python constricts you. The adder bites you but does no damage.
The ogre hits you with a +0 giant club.
You closely miss the ball python. You claw the ball python.
You peck the ball python, but do no damage.
The ball python is moderately wounded.
You closely miss the adder. You hit the ogre.
You feel sick.
You are no longer poisoned.
The ball python bites you but does no damage.
The ball python constricts you. The adder completely misses you.
You slash the ball python!
You kill the ball python!
You hit the adder. You hit the ogre. The adder closely misses you.
The ogre misses you.
You completely miss the ogre. You peck the ogre, but do no damage.
The ogre is almost dead.
You miss the adder. The adder bites you.
You are lethally poisoned!
The adder poisons you! The ogre hits you with a +0 giant club!
Ouch! That really hurt!
You die...

##.....##.#..<#
##.[...#.##.## .O
##....#.##.# ...
##...'..#.# ##'#
####..#..#.#
.....#.###.#.%..###
#
.....#..####.#....#
##.
.[...'S..###.#.##.#
#.. #O@..##.#.##.#
#.#
#.....#.#.##.####.#
##....#.#.##...##.#
##...).>.####....#
##..#...# ####..
##.#...# #..
###...# #.. #.....
###.# ..###.###...#


You could see an ogre and an adder.

Vanquished Creatures
  Terence (D:2)
  An iguana (D:3)
  A gnoll (D:1)
  An ufetubus (D:4)
  3 worms
  A dart slug (D:2)
  6 orcs (D:3)
  7 endoplasms
  2 giant cockroaches
  6 goblins
  10 hobgoblins
  4 quokkas
  5 ball pythons
  3 bats
  4 frilled lizards
  6 kobolds
  5 rats
66 creatures vanquished.

Vanquished Creatures (others)
  A plant (D:1)
1 creature vanquished.

Grand Total: 67 creatures vanquished

Notes
Turn   | Place    | Note
-------+----------+-------------------------------------------
     0 | D:1      | qw the Tengu Warper began the quest for the Orb.
     0 | D:1      | Reached XP level 1. HP: 12/12 MP: 4/4
     0 | D:1      | 0 ||| qw: Version: 0.1-a-89-g26bdef1
     0 | D:1      | 0 ||| qw: Game counter: 2214
     0 | D:1      | 0 ||| qw: Always use a shield: true
     0 | D:1      | 0 ||| qw: God list: Okawaru
     0 | D:1      | 0 ||| qw: Allow faded altars: false
     0 | D:1      | 0 ||| qw: Do Orc after D:15 true
     0 | D:1      | 0 ||| qw: Do second Lair branch before Depths: true
     0 | D:1      | 0 ||| qw: Lair rune preference: random
     0 | D:1      | 0 ||| qw: Plans: Normal
     0 | D:1      | 0 ||| PLANNING D:1-11
   324 | D:1      | Reached skill level 3 in Axes
   324 | D:1      | Reached XP level 2. HP: 15/17 MP: 6/6
   469 | D:1      | 469 ||| Stepping ~*~*~tactically~*~*~ (stealth).
   478 | D:1      | Reached XP level 3. HP: 9/21 MP: 7/7
   660 | D:1      | 660 ||| DROPPING +0 club.
   772 | D:1      | 772 ||| Stepping ~*~*~tactically~*~*~ (stealth).
   774 | D:1      | 774 ||| Stepping ~*~*~tactically~*~*~ (stealth).
   775 | D:1      | 775 ||| Stepping ~*~*~tactically~*~*~ (stealth).
   875 | D:1      | Reached skill level 4 in Axes
  1034 | D:1      | Found a faded altar of an unknown god.
  1528 | D:1      | 1528 ||| UPGRADING to +0 ring mail.
  1538 | D:1      | 1538 ||| DROPPING +0 leather armour.
  1539 | D:1      | 1539 ||| READING scroll labelled ALLOPH YCSUNE.
  1540 | D:1      | 1540 ||| READING scroll labelled DIKYUTS YLOTE.
  1541 | D:1      | 1541 ||| READING scroll labelled SAXTANNISILO.
  1542 | D:1      | 1542 ||| READING scroll labelled NIBRUE GAYCO.
  1543 | D:1      | 1543 ||| DRINKING 5 black potions.
  1577 | D:1      | 1577 ||| DROPPING scroll of blinking.
  1578 | D:1      | 1578 ||| DROPPING 4 potions of lignification.
  1695 | D:2      | Noticed Terence
  1709 | D:2      | Killed Terence
  1710 | D:2      | Reached XP level 4. HP: 14/26 MP: 8/8
  1751 | D:2      | 1751 ||| FLEEEEING.
  1752 | D:2      | 1752 ||| FLEEEEING.
  1753 | D:2      | 1753 ||| FLEEEEING.
  1754 | D:2      | 1754 ||| FLEEEEING.
  1756 | D:2      | 1756 ||| FLEEEEING.
  1757 | D:2      | 1757 ||| FLEEEEING.
  1758 | D:2      | 1758 ||| FLEEEEING.
  1759 | D:2      | 1759 ||| FLEEEEING.
  1760 | D:2      | 1760 ||| FLEEEEING.
  1761 | D:2      | 1761 ||| FLEEEEING.
  1762 | D:2      | 1762 ||| FLEEEEING.
  1763 | D:2      | 1763 ||| FLEEEEING.
  1764 | D:2      | 1764 ||| FLEEEEING.
  1765 | D:2      | 1765 ||| FLEEEEING.
  1766 | D:2      | 1766 ||| FLEEEEING.
  1767 | D:2      | 1767 ||| FLEEEEING.
  1768 | D:2      | 1768 ||| FLEEEEING.
  1769 | D:2      | 1769 ||| FLEEEEING.
  1770 | D:2      | 1770 ||| FLEEEEING.
  1771 | D:2      | 1771 ||| FLEEEEING.
  1772 | D:2      | 1772 ||| FLEEEEING.
  1773 | D:2      | 1773 ||| FLEEEEING.
  1774 | D:2      | 1774 ||| FLEEEEING.
  1775 | D:2      | 1775 ||| FLEEEEING.
  1783 | D:2      | 1783 ||| FLEEEEING.
  1784 | D:2      | 1784 ||| FLEEEEING.
  1785 | D:2      | 1785 ||| FLEEEEING.
  1786 | D:2      | 1786 ||| FLEEEEING.
  1787 | D:2      | 1787 ||| FLEEEEING.
  1788 | D:2      | 1788 ||| FLEEEEING.
  1799 | D:2      | 1799 ||| FLEEEEING.
  1800 | D:2      | 1800 ||| FLEEEEING.
  1801 | D:2      | 1801 ||| STAIRDANCE
  2035 | D:2      | 2035 ||| Stepping ~*~*~tactically~*~*~ (stealth).
  2045 | D:2      | Reached skill level 5 in Axes
  2054 | D:2      | 2054 ||| READING scroll of enchant weapon.
  2054 | D:2      | 2054 ||| ENCHANTING +1 hand axe.
  2649 | D:2      | 2649 ||| UPGRADING to +0 scale mail.
  2659 | D:2      | 2659 ||| DROPPING +0 ring mail.
  2778 | D:3      | 2778 ||| Stepping ~*~*~tactically~*~*~ (stealth).
  2791 | D:3      | 2791 ||| Stepping ~*~*~tactically~*~*~ (stealth).
  2793 | D:3      | 2793 ||| Stepping ~*~*~tactically~*~*~ (hiding).
  2877 | D:3      | 2877 ||| DROPPING +0 whip.
  2994 | D:3      | Gained mutation: Your magical nature lets you fly swiftly
                  | and evasively. [Tengu growth]
  2994 | D:3      | Reached XP level 5. HP: 26/30 MP: 9/9
  3135 | D:3      | HP: 7/30 [iguana (5)]
  3499 | D:3      | 3499 ||| UPGRADING to ring of protection from fire.
  3500 | D:3      | 3500 ||| READING scroll labelled TASCHO LINLU.
  3504 | D:3      | 3504 ||| READING 2 scrolls of identify.
  3504 | D:3      | 3504 ||| IDENTIFYING bubbling emerald potion
  3505 | D:3      | 3505 ||| DROPPING potion of brilliance.
  3754 | D:4      | Noticed an ogre
  3755 | D:4      | 3755 ||| Stepping ~*~*~tactically~*~*~ (stealth).
  3765 | D:4      | HP: 7/30 [ogre/+0 giant club (7)]
  3766 | D:4      | 3766 ||| READING scroll of teleportation.
  3767 | D:4      | HP: 3/30 [constriction (1)]
  3769 | D:4      | Mangled by an ogre

Levels and vault maps discovered:
D:1:      lemuel_arrival_rhombus, layout_loops_corners,
          dreamdust_ecumenical_altar_hidden_monk_grotto, nicolae_grassy_gnolls
D:2:      layout_loops_ring, small_statue_intersection, uniq_terence
D:3:      layout_rooms
D:4:      layout_rooms, minivault_4, minmay_quadrilaterals

Skill      XL: |  1  2  3  4 |
---------------+-------------+-----
Axes           | 3 4 5 |  5.9
Fighting       | |  2.0
Throwing       | |  1.0
Armour         | |  1.1
Dodging        | |  2.1
Spellcasting   | |  2.0
Translocations | |  2.4

Action                   |  1- 3 |  4- 6 || total
-------------------------+-------+-------++-------
Melee: Hand axe          |    66 |   103 ||   169
       Kick              |    20 |    29 ||    49
       Peck              |     8 |    20 ||    28
       Punch             |       |     1 ||     1
Throw: Boomerang         |     7 |     7 ||    14
  Use: Scroll            |     4 |     4 ||     8
       Potion            |     1 |       ||     1
Armor: Leather armour    |    12 |       ||    12
       Ring mail         |     3 |    11 ||    14
       Scale mail        |       |    21 ||    21
Dodge: Dodged            |    27 |    47 ||    74

Table legend:
 A = Non-vault XP
 B = Vault XP
 C = Vault XP percentage of total XP
 D = Non-vault monster count
 E = Vault monster count
 F = Vault count percentage of total count
                 A         B        C        D         E       F
            +---------+---------+-------+---------+---------+-------
      Total |     166 |      53 |  24.2 |      63 |       3 |   4.5
            +---------+---------+-------+---------+---------+-------
        D:1 |      40 |      15 |  27.3 |      24 |       1 |   4.0
        D:2 |      42 |      36 |  46.2 |      20 |       1 |   4.8
        D:3 |      70 |       0 |   0.0 |      15 |       0 |   0.0
        D:4 |      14 |       2 |  12.5 |       4 |       1 |  20.0
            +---------+---------+-------+---------+---------+-------
